[ AOE2 MATCH · #480511800 ]
UnrankedGoths vs Teutons
[ REPLAY ANALYSIS · EXTRACTED FROM THE RECORDED GAME ]
Feudal
13:33
Castle
17:38
Imperial
31:58
| APM avg | 18.7 |
| APM peak | 45 |
| eAPM avg | 14.8 |
| Villagers / military | 167 / 1152 |
Focus
⚔️ 48.7% · 🌾 51.3%
Spearman ×678 · Huskarl ×466 · Trebuchet (Packed) ×7 · Trade Cart ×5 · Fishing Ship ×4 · Monk ×1
Feudal
14:19
Castle
22:54
Imperial
32:35
| APM avg | 6.2 |
| APM peak | 31 |
| eAPM avg | 4.9 |
| Villagers / military | 85 / 22 |
Focus
⚔️ 11.8% · 🌾 88.2%
Scout Cavalry ×10 · Trade Cart ×9 · Fishing Ship ×7 · Janissary ×5 · Bombard Cannon ×4 · Camel Scout ×3
Feudal
11:31
Castle
30:33
Imperial
56:08
| APM avg | 29.2 |
| APM peak | 100 |
| eAPM avg | 17.0 |
| Villagers / military | 61 / 203 |
Focus
⚔️ 44.6% · 🌾 55.4%
Teutonic Knight ×163 · Trade Cart ×29 · Skirmisher ×14 · Spearman ×9 · Battering Ram ×9 · Trebuchet (Packed) ×7
Feudal
12:39
Castle
21:34
Imperial
35:55
| APM avg | 24.8 |
| APM peak | 50 |
| eAPM avg | 16.1 |
| Villagers / military | 100 / 308 |
Focus
⚔️ 45.7% · 🌾 54.3%
Knight ×155 · Cavalry Archer ×129 · Trade Cart ×27 · Scout Cavalry ×15 · Magyar Huszar ×5 · Monk ×2
Feudal
13:18
Castle
23:19
Imperial
—
| APM avg | 3.9 |
| APM peak | 19 |
| eAPM avg | 2.7 |
| Villagers / military | 52 / 1 |
Focus
⚔️ 11.4% · 🌾 88.6%
Monk ×1
Feudal
17:50
Castle
27:15
Imperial
41:52
| APM avg | 11.6 |
| APM peak | 55 |
| eAPM avg | 9.1 |
| Villagers / military | 127 / 256 |
Focus
⚔️ 31.3% · 🌾 68.7%
Scout Cavalry ×85 · Knight ×81 · Coustillier ×74 · Trade Cart ×55 · Fishing Ship ×10 · Bombard Cannon ×10
Match map
Initial resources + every placement click. Lines = walls · curves = elevation contours. ◆ gold · ⬟ stone · ● berries · ✦ relic · ◌ wall gap
Your base· ✓ Closed at 17:38 · 0t walls · fragile
minondo007's base· ✓ Closed at 22:54 · 36t walls · fragile
\mayre/'s base· ✓ Closed at 30:33 · 12t walls · 1 gate(s)
♥'s base· ✓ Closed at 21:34 · 7t walls · 1 gate(s)
murovev1972's base· ✓ Closed at 23:19 · 31t walls · fragile
betalbaadshah's base· ✓ Closed at 27:15 · 46t walls · 1 gate(s)
Smoothed initial terrain · ◌ = detected wall gap · hover for details
Inputs per minute
— ben00mon - - minondo007
Build order — ben00mon
First 150 of 712 actions detected
| 0:02 | Create | Villager (Male) |
| 0:02 | Create | Villager (Male) |
| 0:03 | Create | Villager (Male) |
| 0:03 | Create | Villager (Male) |
| 0:03 | Create | Villager (Male) |
| 0:07 | Build | House |
| 0:09 | Build | House |
| 1:35 | Create | Villager (Male) |
| 1:35 | Create | Villager (Male) |
| 2:45 | Create | Villager (Male) |
| 2:46 | Create | Villager (Male) |
| 2:46 | Create | Villager (Male) |
| 3:52 | Build | Lumber Camp |
| 4:24 | Create | Villager (Male) |
| 4:24 | Create | Villager (Male) |
| 4:24 | Create | Villager (Male) |
| 4:38 | Create | Villager (Male) |
| 4:38 | Create | Villager (Male) |
| 4:55 | Build | House |
| 5:08 | Create | Villager (Male) |
| 5:33 | Create | Villager (Male) |
| 5:34 | Create | Villager (Male) |
| 5:35 | Create | Villager (Male) |
| 5:36 | Create | Villager (Male) |
| 5:36 | Create | Villager (Male) |
| 6:11 | Create | Villager (Male) |
| 6:11 | Create | Villager (Male) |
| 6:39 | Create | Villager (Male) |
| 6:40 | Create | Villager (Male) |
| 8:18 | Build | House |
| 8:44 | Create | Villager (Male) |
| 8:45 | Create | Villager (Male) |
| 9:07 | Create | Villager (Male) |
| 9:07 | Create | Villager (Male) |
| 9:18 | Build | Mining Camp |
| 10:09 | Build | House |
| 10:18 | Build | Mill |
| 10:31 | Research | Loom |
| 11:23 | Research | Feudal Age |
| 11:51 | Build | Dock |
| 12:14 | Create | Villager (Male) |
| 12:14 | Create | Villager (Male) |
| 12:48 | Create | Fishing Ship |
| 12:51 | Create | Fishing Ship |
| 13:33 | Age | Feudal Age |
| 13:50 | Build | Market |
| 13:56 | Build | Blacksmith |
| 14:26 | Build | House |
| 14:58 | Research | Castle Age |
| 15:02 | Build | House |
| 15:03 | Build | House |
| 15:16 | Research | Double-Bit Axe |
| 15:17 | Research | Horse Collar |
| 15:22 | Research | Gold Mining |
| 15:37 | Build | Farm |
| 16:37 | Build | Farm |
| 16:39 | Build | Farm |
| 17:05 | Build | Farm |
| 17:16 | Create | Villager (Male) |
| 17:16 | Create | Villager (Male) |
| 17:19 | Create | Villager (Male) |
| 17:38 | Age | Castle Age |
| 17:50 | Build | Town Center |
| 18:02 | Build | Town Center |
| 18:07 | Create | Villager (Male) |
| 18:19 | Build | Farm |
| 18:21 | Build | Farm |
| 18:29 | Research | Heavy Plow |
| 18:32 | Build | Farm |
| 18:58 | Research | Bow Saw |
| 19:01 | Build | Farm |
| 19:04 | Create | Villager (Male) |
| 19:23 | Create | Villager (Male) |
| 19:23 | Create | Villager (Male) |
| 19:34 | Create | Villager (Male) |
| 19:39 | Create | Villager (Male) |
| 19:41 | Create | Villager (Male) |
| 19:53 | Build | Farm |
| 20:07 | Build | Farm |
| 20:14 | Build | Farm |
| 20:28 | Create | Villager (Male) |
| 20:34 | Research | Gold Mining |
| 20:48 | Create | Villager (Male) |
| 20:56 | Create | Villager (Male) |
| 21:03 | Build | Farm |
| 21:12 | Create | Villager (Male) |
| 21:17 | Build | Farm |
| 21:22 | Create | Villager (Male) |
| 21:38 | Create | Villager (Male) |
| 21:45 | Build | Farm |
| 21:49 | Create | Villager (Male) |
| 21:53 | Build | Farm |
| 22:10 | Build | Farm |
| 22:16 | Create | Villager (Male) |
| 22:18 | Create | Villager (Male) |
| 22:19 | Create | Villager (Male) |
| 22:34 | Build | Town Center |
| 22:38 | Create | Villager (Male) |
| 22:40 | Create | Villager (Male) |
| 22:48 | Build | Farm |
| 22:52 | Build | Farm |
| 22:56 | Build | Farm |
| 23:00 | Create | Villager (Male) |
| 23:01 | Create | Villager (Male) |
| 23:03 | Create | Villager (Male) |
| 23:10 | Build | Farm |
| 23:17 | Build | Farm |
| 23:23 | Create | Villager (Male) |
| 23:25 | Create | Villager (Male) |
| 23:26 | Create | Villager (Male) |
| 23:32 | Build | Farm |
| 23:38 | Build | House |
| 23:39 | Build | House |
| 23:40 | Build | House |
| 23:41 | Build | House |
| 23:42 | Build | House |
| 23:50 | Build | Fish Trap |
| 24:01 | Build | Farm |
| 24:03 | Create | Villager (Male) |
| 24:04 | Create | Villager (Male) |
| 24:06 | Create | Villager (Male) |
| 24:12 | Build | Farm |
| 24:19 | Create | Villager (Male) |
| 24:21 | Create | Villager (Male) |
| 24:23 | Create | Villager (Male) |
| 24:28 | Create | Villager (Male) |
| 24:41 | Build | University |
| 25:15 | Build | Barracks |
| 25:20 | Create | Villager (Male) |
| 25:39 | Build | Farm |
| 25:43 | Build | Farm |
| 25:46 | Create | Villager (Male) |
| 25:46 | Create | Villager (Male) |
| 25:49 | Research | Wheelbarrow |
| 25:50 | Create | Villager (Male) |
| 25:51 | Create | Villager (Male) |
| 26:02 | Build | Monastery |
| 26:08 | Build | Farm |
| 26:11 | Create | Spearman |
| 26:11 | Create | Spearman |
| 26:38 | Build | Farm |
| 26:39 | Create | Villager (Male) |
| 26:39 | Create | Villager (Male) |
| 26:49 | Build | Farm |
| 26:52 | Build | Farm |
| 26:59 | Build | Farm |
| 27:01 | Build | Farm |
| 27:16 | Create | Spearman |
| 27:16 | Create | Spearman |
| 27:35 | Create | Villager (Male) |
Build order — minondo007
First 150 of 187 actions detected
| 0:08 | Build | House |
| 0:10 | Research | Loom |
| 0:10 | Create | Villager (Male) |
| 0:40 | Create | Villager (Male) |
| 0:40 | Create | Villager (Male) |
| 1:08 | Build | Palisade Wall |
| 1:21 | Build | Palisade Wall |
| 2:54 | Build | Lumber Camp |
| 3:25 | Create | Villager (Male) |
| 4:12 | Build | House |
| 4:13 | Build | House |
| 4:18 | Create | Villager (Male) |
| 4:18 | Create | Villager (Male) |
| 5:20 | Create | Villager (Male) |
| 5:54 | Create | Villager (Male) |
| 6:26 | Create | Villager (Male) |
| 7:02 | Create | Villager (Male) |
| 7:03 | Create | Villager (Male) |
| 7:33 | Create | Villager (Male) |
| 7:33 | Create | Villager (Male) |
| 8:06 | Build | Mill |
| 8:30 | Create | Villager (Male) ×5 |
| 10:32 | Create | Villager (Male) |
| 10:41 | Build | House |
| 10:50 | Build | House |
| 10:51 | Build | House |
| 10:53 | Build | House |
| 10:57 | Create | Villager (Male) |
| 11:16 | Build | Lumber Camp |
| 11:24 | Create | Villager (Male) |
| 12:09 | Research | Feudal Age |
| 12:31 | Build | Dock |
| 13:19 | Create | Villager (Male) |
| 13:19 | Create | Villager (Male) |
| 13:46 | Build | Lumber Camp |
| 14:07 | Build | Mining Camp |
| 14:13 | Create | Fishing Ship |
| 14:13 | Create | Fishing Ship |
| 14:14 | Create | Fishing Ship |
| 14:14 | Create | Fishing Ship |
| 14:19 | Age | Feudal Age |
| 14:50 | Research | Double-Bit Axe |
| 15:29 | Create | Villager (Male) |
| 15:29 | Create | Villager (Male) |
| 15:30 | Create | Villager (Male) |
| 15:30 | Create | Villager (Male) |
| 15:31 | Create | Villager (Male) |
| 15:53 | Build | Farm |
| 15:55 | Build | Farm |
| 15:56 | Build | Farm |
| 15:56 | Build | Farm |
| 15:57 | Build | Farm |
| 15:58 | Build | Farm |
| 16:00 | Build | Farm |
| 16:01 | Build | Farm |
| 16:41 | Build | Fish Trap |
| 16:42 | Build | Fish Trap |
| 16:44 | Build | Fish Trap |
| 16:46 | Build | Fish Trap |
| 17:57 | Build | Blacksmith |
| 18:10 | Build | Market |
| 18:34 | Create | Villager (Male) |
| 18:35 | Create | Villager (Male) |
| 18:57 | Build | Stone Wall |
| 19:07 | Build | Farm |
| 19:26 | Create | Fishing Ship |
| 19:39 | Create | Fishing Ship |
| 19:41 | Create | Villager (Male) |
| 20:14 | Research | Castle Age |
| 20:21 | Build | Mining Camp |
| 20:24 | Research | Stone Mining |
| 20:28 | Research | Tech 906 |
| 20:29 | Create | Fishing Ship |
| 20:58 | Build | House |
| 20:59 | Build | House |
| 21:00 | Build | House |
| 21:00 | Build | House |
| 21:03 | Build | House |
| 21:04 | Build | House |
| 21:05 | Build | House |
| 21:06 | Build | House |
| 21:22 | Build | Fish Trap |
| 21:22 | Build | Fish Trap |
| 21:46 | Build | Stone Wall |
| 21:49 | Build | Stone Wall |
| 22:01 | Build | House |
| 22:02 | Build | House |
| 22:05 | Build | House |
| 22:06 | Build | House |
| 22:08 | Build | House |
| 22:15 | Build | Barracks |
| 22:39 | Build | Fish Trap |
| 22:46 | Build | Fish Trap |
| 22:54 | Age | Castle Age |
| 22:56 | Research | Bow Saw |
| 23:04 | Create | Villager (Male) |
| 23:04 | Create | Villager (Male) |
| 23:04 | Create | Villager (Male) |
| 23:05 | Create | Villager (Male) |
| 23:05 | Create | Villager (Male) |
| 23:05 | Create | Villager (Male) |
| 23:05 | Create | Villager (Male) |
| 23:05 | Create | Villager (Male) |
| 23:05 | Create | Villager (Male) |
| 23:06 | Create | Villager (Male) |
| 23:52 | Build | Town Center |
| 24:17 | Research | Gillnets |
| 24:23 | Create | Villager (Male) |
| 24:27 | Research | Horse Collar |
| 26:03 | Build | Stable |
| 26:22 | Create | Villager (Male) ×5 |
| 26:42 | Create | Villager (Male) |
| 27:00 | Build | Monastery |
| 27:06 | Build | University |
| 27:16 | Create | Camel Scout |
| 27:16 | Create | Camel Scout |
| 27:32 | Create | Camel Scout |
| 27:38 | Create | Villager (Male) |
| 27:46 | Build | Farm |
| 27:47 | Build | Farm |
| 27:47 | Build | Farm |
| 27:48 | Build | Farm |
| 29:25 | Research | Imperial Age |
| 29:38 | Build | Town Center |
| 29:47 | Create | Trade Cart ×3 |
| 29:59 | Build | Farm |
| 30:02 | Create | Villager (Male) ×5 |
| 30:12 | Build | Farm |
| 30:13 | Build | Farm |
| 30:13 | Build | Farm |
| 30:13 | Build | Farm |
| 30:13 | Build | Farm |
| 30:14 | Build | Farm |
| 30:15 | Build | Farm |
| 30:17 | Build | Farm |
| 31:46 | Build | Siege Workshop |
| 31:48 | Build | Siege Workshop |
| 32:00 | Create | Villager (Male) ×5 |
| 32:28 | Build | Castle |
| 32:34 | Create | Villager (Male) ×5 |
| 32:35 | Age | Imperial Age |
| 32:45 | Create | Bombard Cannon |
| 32:46 | Create | Bombard Cannon |
| 32:51 | Research | Fortified Wall (upgrade) |
| 32:55 | Create | Villager (Male) |
| 32:58 | Create | Villager (Male) |
| 33:12 | Create | Villager (Male) ×5 |
| 33:16 | Research | Wheelbarrow |
| 33:17 | Create | Villager (Male) ×5 |
| 33:25 | Research | Bloodlines |
Build order — \mayre/
First 150 of 427 actions detected
| 0:45 | Create | Villager (Male) |
| 0:46 | Create | Villager (Male) |
| 0:46 | Create | Villager (Male) |
| 0:46 | Create | Villager (Male) |
| 0:46 | Create | Villager (Male) |
| 1:04 | Build | House |
| 1:05 | Build | House |
| 1:07 | Build | House |
| 1:09 | Build | House |
| 2:32 | Create | Villager (Male) |
| 3:16 | Create | Villager (Male) |
| 3:16 | Create | Villager (Male) |
| 3:26 | Build | Lumber Camp |
| 3:38 | Create | Villager (Male) |
| 3:38 | Create | Villager (Male) |
| 4:04 | Create | Villager (Male) |
| 4:52 | Create | Villager (Male) |
| 4:53 | Create | Villager (Male) |
| 6:04 | Create | Villager (Male) |
| 6:04 | Create | Villager (Male) |
| 6:04 | Create | Villager (Male) |
| 6:05 | Create | Villager (Male) |
| 6:05 | Create | Villager (Male) |
| 7:18 | Build | Mill |
| 8:18 | Build | House |
| 8:21 | Build | House |
| 8:31 | Create | Villager (Male) |
| 8:31 | Create | Villager (Male) |
| 9:08 | Research | Feudal Age |
| 9:49 | Build | Mining Camp |
| 10:09 | Build | Barracks |
| 11:31 | Age | Feudal Age |
| 11:35 | Research | Horse Collar |
| 11:38 | Research | Double-Bit Axe |
| 11:42 | Research | Gold Mining |
| 11:47 | Create | Villager (Male) |
| 11:48 | Create | Villager (Male) |
| 11:48 | Create | Villager (Male) |
| 11:48 | Create | Villager (Male) |
| 11:57 | Create | Spearman |
| 12:14 | Create | Spearman |
| 12:28 | Create | Villager (Male) |
| 12:49 | Build | Blacksmith |
| 12:58 | Research | Town Watch |
| 13:04 | Create | Spearman |
| 13:38 | Build | Farm |
| 13:53 | Build | Farm |
| 13:56 | Create | Spearman |
| 14:20 | Build | Stone Wall |
| 15:05 | Build | Gate |
| 15:16 | Build | Stone Wall |
| 15:35 | Build | Farm |
| 15:35 | Build | Farm |
| 15:36 | Build | Farm |
| 15:37 | Build | Farm |
| 15:48 | Build | Farm |
| 15:49 | Build | Farm |
| 15:49 | Build | Farm |
| 15:50 | Build | Farm |
| 15:51 | Build | Farm |
| 16:12 | Build | Farm |
| 16:12 | Build | Farm |
| 16:35 | Research | Scale Mail Armor |
| 17:21 | Create | Villager (Male) |
| 17:21 | Create | Villager (Male) |
| 17:21 | Create | Villager (Male) |
| 18:00 | Research | Man-at-Arms (upgrade) |
| 18:50 | Build | House |
| 18:52 | Build | House |
| 18:53 | Build | House |
| 18:55 | Build | House |
| 18:56 | Build | House |
| 19:07 | Research | Wheelbarrow |
| 19:08 | Research | Loom |
| 19:10 | Create | Villager (Male) |
| 19:10 | Create | Villager (Male) |
| 19:34 | Build | Archery Range |
| 19:35 | Build | Archery Range |
| 19:43 | Build | Stable |
| 20:00 | Create | Villager (Male) |
| 20:00 | Create | Villager (Male) |
| 20:01 | Create | Villager (Male) |
| 20:01 | Create | Villager (Male) |
| 20:38 | Create | Spearman |
| 20:38 | Create | Spearman |
| 20:38 | Create | Spearman |
| 20:38 | Create | Spearman |
| 20:38 | Create | Spearman |
| 20:43 | Create | Skirmisher |
| 20:56 | Create | Villager (Male) |
| 21:53 | Create | Villager (Male) |
| 21:53 | Create | Villager (Male) |
| 21:53 | Create | Villager (Male) |
| 21:53 | Create | Villager (Male) |
| 21:54 | Create | Villager (Male) |
| 22:41 | Build | Market |
| 22:51 | Create | Villager (Male) |
| 22:52 | Create | Villager (Male) |
| 22:52 | Create | Villager (Male) |
| 22:52 | Create | Villager (Male) |
| 22:52 | Create | Villager (Male) |
| 24:14 | Build | Farm |
| 24:15 | Build | Farm |
| 24:15 | Build | Farm |
| 25:45 | Research | Castle Age |
| 26:39 | Research | Arson |
| 27:25 | Create | Trade Cart |
| 27:25 | Create | Trade Cart |
| 27:25 | Create | Trade Cart |
| 27:25 | Create | Trade Cart |
| 27:26 | Create | Trade Cart |
| 27:26 | Create | Trade Cart |
| 27:26 | Create | Trade Cart |
| 27:26 | Create | Trade Cart |
| 27:27 | Create | Trade Cart |
| 27:27 | Create | Trade Cart |
| 27:27 | Create | Trade Cart |
| 27:28 | Create | Trade Cart |
| 27:28 | Create | Trade Cart |
| 27:39 | Create | Skirmisher |
| 27:39 | Create | Skirmisher |
| 27:40 | Create | Skirmisher |
| 27:40 | Create | Skirmisher |
| 27:40 | Create | Skirmisher |
| 27:40 | Create | Skirmisher |
| 27:41 | Create | Skirmisher |
| 27:41 | Create | Skirmisher |
| 27:41 | Create | Skirmisher |
| 27:41 | Create | Skirmisher |
| 27:42 | Create | Skirmisher |
| 27:42 | Create | Skirmisher |
| 27:42 | Create | Skirmisher |
| 28:42 | Build | Farm |
| 29:38 | Build | House |
| 29:40 | Build | House |
| 29:41 | Build | House |
| 29:44 | Build | House |
| 29:45 | Build | House |
| 29:47 | Build | House |
| 30:16 | Build | Farm |
| 30:16 | Build | Farm |
| 30:33 | Age | Castle Age |
| 30:41 | Build | Castle |
| 30:56 | Create | Villager (Male) |
| 30:56 | Create | Villager (Male) |
| 30:57 | Create | Villager (Male) |
| 30:57 | Create | Villager (Male) |
| 30:57 | Create | Villager (Male) |
| 30:57 | Create | Villager (Male) |
| 30:57 | Create | Villager (Male) |
Build order — ♥
First 150 of 592 actions detected
| 0:02 | Create | Villager (Male) |
| 0:02 | Create | Villager (Male) |
| 0:03 | Create | Villager (Male) |
| 0:03 | Create | Villager (Male) |
| 0:06 | Build | House |
| 0:08 | Build | House |
| 1:26 | Create | Villager (Male) |
| 2:19 | Create | Villager (Male) |
| 2:19 | Create | Villager (Male) |
| 3:01 | Create | Villager (Male) |
| 3:01 | Create | Villager (Male) |
| 3:01 | Create | Villager (Male) |
| 3:40 | Create | Villager (Male) |
| 3:54 | Research | Loom |
| 4:08 | Create | Villager (Male) |
| 4:08 | Create | Villager (Male) |
| 4:24 | Create | Villager (Male) |
| 4:36 | Create | Villager (Male) |
| 4:50 | Create | Villager (Male) |
| 5:04 | Create | Villager (Male) |
| 5:04 | Create | Villager (Male) |
| 5:13 | Build | House |
| 5:25 | Build | Mill |
| 5:29 | Build | House |
| 5:39 | Build | Palisade Wall |
| 5:54 | Create | Villager (Male) |
| 5:54 | Create | Villager (Male) |
| 5:54 | Create | Villager (Male) |
| 5:55 | Create | Villager (Male) |
| 6:36 | Build | House |
| 6:54 | Create | Villager (Male) |
| 7:13 | Build | House |
| 7:26 | Create | Villager (Male) |
| 7:40 | Build | House |
| 7:49 | Create | Villager (Male) |
| 8:40 | Create | Villager (Male) |
| 9:09 | Create | Villager (Male) |
| 9:25 | Build | Lumber Camp |
| 9:29 | Create | Villager (Male) |
| 9:54 | Create | Villager (Male) |
| 10:13 | Research | Feudal Age |
| 10:53 | Build | Mill |
| 11:44 | Build | Mining Camp |
| 12:16 | Create | Villager (Male) |
| 12:16 | Create | Villager (Male) |
| 12:39 | Age | Feudal Age |
| 12:40 | Research | Horse Collar |
| 12:43 | Research | Double-Bit Axe |
| 12:51 | Create | Villager (Male) |
| 13:07 | Build | Barracks |
| 13:13 | Build | Farm |
| 13:16 | Create | Villager (Male) |
| 13:17 | Create | Villager (Male) |
| 13:28 | Build | Farm |
| 13:32 | Build | Farm |
| 13:35 | Create | Villager (Male) |
| 14:02 | Build | Farm |
| 14:11 | Create | Villager (Male) |
| 14:22 | Build | Farm |
| 14:45 | Create | Villager (Male) |
| 14:47 | Build | Farm |
| 15:16 | Build | Blacksmith |
| 15:20 | Build | Farm |
| 15:47 | Create | Villager (Male) |
| 15:49 | Build | Farm |
| 15:55 | Create | Villager (Male) |
| 16:10 | Build | Farm |
| 16:12 | Create | Villager (Male) |
| 16:23 | Build | Market |
| 16:59 | Build | Farm |
| 17:01 | Build | Farm |
| 17:10 | Create | Villager (Male) |
| 17:17 | Build | Farm |
| 17:32 | Research | Wheelbarrow |
| 17:41 | Build | Farm |
| 18:03 | Build | Stable |
| 18:10 | Research | Scale Barding Armor |
| 18:43 | Research | Castle Age |
| 18:57 | Research | Bloodlines |
| 19:06 | Build | Stable |
| 19:16 | Build | Palisade Wall |
| 19:40 | Build | House |
| 19:41 | Build | House |
| 19:43 | Build | House |
| 20:19 | Build | Gate |
| 20:40 | Research | Fletching |
| 20:42 | Create | Scout Cavalry |
| 20:42 | Create | Scout Cavalry |
| 20:43 | Create | Scout Cavalry |
| 20:44 | Create | Scout Cavalry |
| 20:44 | Create | Scout Cavalry |
| 20:44 | Create | Scout Cavalry |
| 20:46 | Create | Scout Cavalry |
| 20:47 | Create | Scout Cavalry |
| 21:34 | Age | Castle Age |
| 21:39 | Research | Husbandry |
| 21:48 | Research | Chain Barding Armor |
| 21:54 | Research | Light Cavalry (upgrade) |
| 22:01 | Research | Light Cavalry (upgrade) |
| 22:37 | Build | Town Center |
| 22:49 | Research | Heavy Plow |
| 22:51 | Research | Bow Saw |
| 22:53 | Create | Villager (Male) |
| 22:54 | Create | Villager (Male) |
| 22:54 | Create | Villager (Male) |
| 22:54 | Create | Villager (Male) |
| 23:09 | Build | Farm |
| 23:51 | Create | Knight |
| 23:52 | Create | Knight |
| 23:53 | Create | Knight |
| 23:54 | Create | Knight |
| 24:06 | Create | Scout Cavalry |
| 24:06 | Create | Scout Cavalry |
| 24:06 | Create | Scout Cavalry |
| 24:07 | Create | Scout Cavalry |
| 24:21 | Create | Villager (Male) |
| 24:21 | Create | Villager (Male) |
| 24:22 | Create | Villager (Male) |
| 24:30 | Build | Farm |
| 24:30 | Build | Farm |
| 24:31 | Build | Farm |
| 25:08 | Create | Villager (Male) |
| 25:16 | Create | Villager (Male) |
| 25:16 | Create | Villager (Male) |
| 25:16 | Create | Villager (Male) |
| 25:17 | Create | Villager (Male) |
| 25:29 | Build | House |
| 25:30 | Build | House |
| 25:30 | Build | House |
| 25:43 | Create | Scout Cavalry |
| 25:43 | Create | Scout Cavalry |
| 25:44 | Create | Scout Cavalry |
| 26:00 | Build | House |
| 26:01 | Build | House |
| 26:01 | Build | House |
| 26:40 | Create | Villager (Male) |
| 26:40 | Create | Villager (Male) |
| 26:40 | Create | Villager (Male) |
| 26:46 | Build | Farm |
| 26:47 | Build | Farm |
| 26:49 | Build | Farm |
| 26:52 | Create | Villager (Male) |
| 26:52 | Create | Villager (Male) |
| 27:25 | Create | Villager (Male) |
| 27:25 | Create | Villager (Male) |
| 27:29 | Build | Farm |
| 27:36 | Build | Mining Camp |
| 29:05 | Create | Villager (Male) |
| 29:06 | Create | Villager (Male) |
| 29:32 | Create | Villager (Male) |
Build order — murovev1972
101 actions detected in the replay
| 0:22 | Build | House |
| 0:26 | Build | House |
| 0:47 | Create | Villager (Male) |
| 0:47 | Create | Villager (Male) |
| 0:48 | Create | Villager (Male) |
| 0:48 | Create | Villager (Male) |
| 0:48 | Create | Villager (Male) |
| 2:49 | Build | Palisade Wall |
| 4:06 | Create | Villager (Male) |
| 4:06 | Create | Villager (Male) |
| 4:07 | Create | Villager (Male) |
| 4:07 | Create | Villager (Male) |
| 5:43 | Build | Palisade Wall |
| 6:46 | Build | Lumber Camp |
| 7:44 | Create | Villager (Male) |
| 7:45 | Create | Villager (Male) |
| 7:45 | Create | Villager (Male) |
| 8:14 | Create | Villager (Male) |
| 8:14 | Create | Villager (Male) |
| 10:03 | Build | Mill |
| 11:08 | Research | Feudal Age |
| 12:44 | Build | House |
| 12:45 | Build | House |
| 12:48 | Build | House |
| 13:04 | Build | Mining Camp |
| 13:13 | Create | Villager (Male) |
| 13:14 | Create | Villager (Male) |
| 13:14 | Create | Villager (Male) |
| 13:14 | Create | Villager (Male) |
| 13:18 | Age | Feudal Age |
| 13:29 | Research | Horse Collar |
| 13:59 | Research | Double-Bit Axe |
| 14:03 | Research | Wheelbarrow |
| 15:04 | Create | Villager (Male) |
| 15:05 | Create | Villager (Male) |
| 15:26 | Build | Market |
| 16:24 | Build | Farm |
| 16:25 | Build | Farm |
| 16:38 | Build | Farm |
| 17:03 | Build | Farm |
| 17:18 | Build | Farm |
| 18:23 | Build | Farm |
| 18:26 | Build | Farm |
| 18:33 | Build | Farm |
| 18:44 | Create | Villager (Male) |
| 18:44 | Create | Villager (Male) |
| 20:06 | Build | Blacksmith |
| 20:39 | Research | Castle Age |
| 20:58 | Research | Gold Mining |
| 20:58 | Research | Stone Mining |
| 22:29 | Create | Villager (Male) |
| 22:29 | Create | Villager (Male) |
| 22:30 | Create | Villager (Male) |
| 22:30 | Create | Villager (Male) |
| 22:30 | Create | Villager (Male) |
| 23:19 | Age | Castle Age |
| 24:05 | Build | Town Center |
| 26:24 | Build | Stone Wall |
| 29:45 | Build | Stone Wall |
| 30:08 | Create | Villager (Male) |
| 30:08 | Create | Villager (Male) |
| 30:08 | Create | Villager (Male) |
| 30:09 | Create | Villager (Male) |
| 30:17 | Research | Hand Cart |
| 30:18 | Create | Villager (Male) |
| 30:18 | Create | Villager (Male) |
| 30:19 | Create | Villager (Male) |
| 30:19 | Create | Villager (Male) |
| 31:00 | Build | Monastery |
| 31:33 | Research | Bow Saw |
| 31:37 | Research | Heavy Plow |
| 31:59 | Build | Farm |
| 32:01 | Build | Farm |
| 32:40 | Create | Villager (Male) |
| 32:40 | Create | Villager (Male) |
| 32:41 | Create | Villager (Male) |
| 32:57 | Build | Farm |
| 33:02 | Build | Farm |
| 33:05 | Build | Farm |
| 33:22 | Build | Stone Wall |
| 33:30 | Build | Stone Wall |
| 34:02 | Build | Stone Wall |
| 34:37 | Build | Stone Wall |
| 35:15 | Create | Villager (Male) |
| 35:15 | Create | Villager (Male) |
| 35:16 | Create | Villager (Male) |
| 35:20 | Create | Villager (Male) |
| 35:20 | Create | Villager (Male) |
| 35:20 | Create | Villager (Male) |
| 35:20 | Create | Villager (Male) |
| 35:38 | Build | Farm |
| 35:41 | Build | Farm |
| 35:44 | Build | Farm |
| 35:52 | Create | Monk |
| 36:03 | Create | Villager (Male) |
| 36:04 | Create | Villager (Male) |
| 36:04 | Create | Villager (Male) |
| 36:04 | Create | Villager (Male) |
| 36:40 | Create | Villager (Male) |
| 36:40 | Create | Villager (Male) |
| 36:40 | Create | Villager (Male) |
Build order — betalbaadshah
First 150 of 307 actions detected
| 0:09 | Create | Villager (Male) ×4 |
| 0:23 | Build | House |
| 2:00 | Create | Villager (Male) |
| 2:21 | Create | Villager (Male) |
| 2:32 | Build | House |
| 3:25 | Create | Villager (Male) ×2 |
| 3:47 | Create | Villager (Male) |
| 4:31 | Create | Villager (Male) ×2 |
| 4:55 | Build | Palisade Wall |
| 5:06 | Build | Palisade Wall |
| 5:23 | Build | House |
| 5:28 | Create | Villager (Male) ×4 |
| 5:34 | Research | Wheelbarrow |
| 5:35 | Create | Villager (Male) ×2 |
| 6:13 | Build | House |
| 6:21 | Create | Villager (Male) |
| 7:09 | Create | Villager (Male) ×2 |
| 8:09 | Build | Mill |
| 8:20 | Create | Villager (Male) |
| 9:08 | Create | Villager (Male) |
| 9:37 | Create | Villager (Male) ×2 |
| 9:47 | Build | House |
| 9:56 | Build | House |
| 10:10 | Build | Lumber Camp |
| 10:18 | Create | Villager (Male) |
| 10:43 | Create | Villager (Male) ×5 |
| 11:00 | Build | Mining Camp |
| 11:17 | Research | Horse Collar |
| 11:28 | Research | Double-Bit Axe |
| 12:27 | Build | Mill |
| 12:57 | Build | Farm |
| 12:59 | Build | Farm |
| 13:01 | Build | Farm |
| 13:32 | Build | Farm |
| 13:53 | Build | Farm |
| 14:00 | Create | Villager (Male) ×5 |
| 14:30 | Build | House |
| 14:31 | Build | House |
| 14:34 | Build | House |
| 14:47 | Research | Gold Mining |
| 15:16 | Research | Feudal Age |
| 15:20 | Create | Villager (Male) ×5 |
| 15:52 | Build | Mill |
| 16:26 | Build | Farm |
| 16:28 | Build | Farm |
| 16:31 | Build | Farm |
| 16:33 | Build | Farm |
| 16:35 | Build | Farm |
| 16:37 | Build | Farm |
| 16:40 | Build | Farm |
| 16:44 | Create | Villager (Male) ×5 |
| 17:50 | Age | Feudal Age |
| 18:05 | Research | Hand Cart |
| 18:06 | Research | Town Watch |
| 18:06 | Research | Loom |
| 18:07 | Create | Villager (Male) ×2 |
| 18:56 | Build | Mining Camp |
| 19:04 | Create | Villager (Male) ×2 |
| 19:21 | Build | Mining Camp |
| 20:03 | Create | Villager (Male) ×3 |
| 20:07 | Research | Heavy Plow |
| 20:11 | Research | Bow Saw |
| 20:19 | Research | Stone Mining |
| 20:33 | Build | Palisade Wall |
| 20:49 | Build | Barracks |
| 21:11 | Research | Gold Shaft Mining |
| 21:13 | Research | Stone Shaft Mining |
| 21:43 | Build | Market |
| 21:52 | Build | Blacksmith |
| 22:27 | Build | Stone Wall |
| 22:34 | Build | Gate |
| 22:51 | Build | Stone Wall |
| 23:32 | Build | House |
| 23:33 | Build | House |
| 23:38 | Build | House |
| 23:40 | Build | House |
| 24:02 | Build | Market |
| 24:32 | Research | Castle Age |
| 24:39 | Create | Villager (Male) ×5 |
| 25:29 | Build | Dock |
| 26:23 | Research | Tech 906 |
| 26:25 | Create | Fishing Ship ×5 |
| 26:53 | Research | Gillnets |
| 27:03 | Create | Fishing Ship ×5 |
| 27:15 | Age | Castle Age |
| 27:27 | Build | Monastery |
| 27:37 | Build | University |
| 28:00 | Build | Town Center |
| 28:03 | Build | Town Center |
| 28:06 | Build | Town Center |
| 28:08 | Build | Town Center |
| 28:17 | Build | Mining Camp |
| 28:25 | Research | Herbal Medicine |
| 28:30 | Research | Devotion |
| 28:43 | Create | Monk |
| 28:43 | Create | Monk |
| 28:43 | Create | Monk |
| 29:12 | Build | Stone Wall |
| 29:27 | Research | Crop Rotation |
| 29:32 | Research | Two-Man Saw |
| 29:48 | Research | Caravan |
| 29:59 | Create | Trade Cart ×5 |
| 29:59 | Create | Trade Cart ×5 |
| 30:38 | Build | Gate |
| 31:00 | Build | Gate |
| 31:16 | Research | Arson |
| 31:16 | Research | Squires |
| 31:27 | Research | Ballistics |
| 31:42 | Create | Villager (Male) ×5 |
| 31:43 | Create | Villager (Male) ×5 |
| 31:43 | Create | Villager (Male) ×5 |
| 31:43 | Create | Villager (Male) ×5 |
| 31:43 | Create | Villager (Male) ×5 |
| 31:44 | Create | Villager (Male) ×5 |
| 31:55 | Build | Lumber Camp |
| 32:01 | Build | Lumber Camp |
| 32:02 | Build | Lumber Camp |
| 32:04 | Build | Lumber Camp |
| 33:15 | Build | Castle |
| 34:11 | Create | Villager (Male) ×5 |
| 34:11 | Create | Villager (Male) ×5 |
| 34:11 | Create | Villager (Male) ×5 |
| 34:12 | Create | Villager (Male) ×5 |
| 34:21 | Build | Fish Trap |
| 34:22 | Build | Fish Trap |
| 34:24 | Build | Fish Trap |
| 34:26 | Build | Fish Trap |
| 34:28 | Build | Fish Trap |
| 34:29 | Build | Fish Trap |
| 34:48 | Build | House |
| 34:49 | Build | House |
| 34:49 | Build | House |
| 34:50 | Build | House |
| 34:50 | Build | House |
| 34:50 | Build | House |
| 34:50 | Build | House |
| 34:51 | Build | House |
| 34:51 | Build | House |
| 34:52 | Build | House |
| 34:58 | Build | House |
| 34:58 | Build | House |
| 35:00 | Build | House |
| 35:01 | Build | House |
| 35:01 | Build | House |
| 35:01 | Build | House |
| 35:54 | Create | Trade Cart ×5 |
| 35:55 | Create | Trade Cart ×5 |
| 35:55 | Create | Trade Cart ×5 |
| 36:43 | Research | Forging |
| 36:46 | Research | Scale Barding Armor |
Match timeline
| 1:08 | minondo007 · wall_segment Palisade Wall x9 |
| 1:21 | minondo007 · wall_segment Palisade Wall x10 |
| 2:49 | murovev1972 · wall_segment Palisade Wall x18 |
| 4:55 | betalbaadshah · wall_segment Palisade Wall x11 |
| 5:06 | betalbaadshah · wall_segment Palisade Wall x11 |
| 5:39 | ♥ · wall_segment Palisade Wall x6 |
| 5:43 | murovev1972 · wall_segment Palisade Wall x13 |
| 10:09 | \mayre/ · first_building Barracks |
| 11:31 | \mayre/ · age_up feudal |
| 11:51 | ben00mon · first_building Dock |
| 12:31 | minondo007 · first_building Dock |
| 12:39 | ♥ · age_up feudal |
| 13:07 | ♥ · first_building Barracks |
| 13:18 | murovev1972 · age_up feudal |
| 13:33 | ben00mon · age_up feudal |
| 14:19 | minondo007 · age_up feudal |
| 14:20 | \mayre/ · wall_segment Stone Wall x12 |
| 15:16 | \mayre/ · wall_segment Stone Wall x2 |
| 17:38 | ben00mon · age_up castle |
| 17:48 | ♥ · first_market_buy 100 food |
| 17:50 | betalbaadshah · age_up feudal |
| 18:03 | ♥ · first_building Stable |
| 18:57 | minondo007 · wall_segment Stone Wall x9 |
| 19:16 | ♥ · wall_segment Palisade Wall x1 |
| 19:34 | \mayre/ · first_building Archery Range |
| 19:43 | \mayre/ · first_building Stable |
| 20:33 | betalbaadshah · wall_segment Palisade Wall x1 |
| 20:49 | betalbaadshah · first_building Barracks |
| 21:34 | ♥ · age_up castle |
| 21:46 | minondo007 · wall_segment Stone Wall x6 |
| 21:49 | minondo007 · wall_segment Stone Wall x5 |
| 22:15 | minondo007 · first_building Barracks |
| 22:27 | betalbaadshah · wall_segment Stone Wall x20 |
| 22:51 | betalbaadshah · wall_segment Stone Wall x12 |
| 22:54 | minondo007 · age_up castle |
| 23:19 | murovev1972 · age_up castle |
| 25:15 | ben00mon · first_building Barracks |
| 25:29 | betalbaadshah · first_building Dock |
| 26:02 | ben00mon · first_building Monastery |
| 26:03 | minondo007 · first_building Stable |
| 26:24 | murovev1972 · wall_segment Stone Wall x10 |
| 27:00 | minondo007 · first_building Monastery |
| 27:15 | betalbaadshah · age_up castle |
| 27:27 | betalbaadshah · first_building Monastery |
| 29:12 | betalbaadshah · wall_segment Stone Wall x13 |
| 29:45 | murovev1972 · wall_segment Stone Wall x12 |
| 29:49 | ♥ · first_building Monastery |
| 30:33 | \mayre/ · age_up castle |
| 30:41 | \mayre/ · first_building Castle |
| 31:00 | murovev1972 · first_building Monastery |
| 31:14 | ♥ · first_building Castle |
| 31:46 | minondo007 · first_building Siege Workshop |
| 31:58 | ben00mon · age_up imperial |
| 32:28 | minondo007 · first_building Castle |
| 32:35 | minondo007 · age_up imperial |
| 33:13 | ben00mon · first_building Castle |
| 33:15 | betalbaadshah · first_building Castle |
| 33:22 | murovev1972 · wall_segment Stone Wall x1 |
| 33:30 | murovev1972 · wall_segment Stone Wall x13 |
| 34:02 | murovev1972 · wall_segment Stone Wall x12 |
| 34:26 | murovev1972 · first_market_buy 100 stone |
| 34:37 | murovev1972 · wall_segment Stone Wall x8 |
| 34:44 | \mayre/ · first_building Monastery |
| 34:57 | \mayre/ · first_market_buy 100 stone |
| 35:22 | minondo007 · tribute_sent a jugador 2 |
| 35:22 | minondo007 · tribute_sent a jugador 3 |
| 35:22 | minondo007 · tribute_sent a jugador 4 |
| 35:22 | minondo007 · tribute_sent a jugador 5 |
| 35:22 | minondo007 · tribute_sent a jugador 6 |
| 35:55 | ♥ · age_up imperial |
| 36:34 | \mayre/ · first_building Siege Workshop |
| 38:02 | betalbaadshah · first_building Stable |
| 38:44 | murovev1972 · resign |
| 39:18 | ben00mon · wall_segment Palisade Wall x18 |
| 41:52 | betalbaadshah · age_up imperial |
| 54:03 | ♥ · first_market_sell 500 wood |
| 56:08 | \mayre/ · age_up imperial |
| 56:36 | betalbaadshah · first_market_sell 500 wood |
| 56:45 | betalbaadshah · first_market_buy 500 stone |
| 56:58 | betalbaadshah · first_building Siege Workshop |
| 58:13 | ♥ · first_building Archery Range |
| 58:21 | ben00mon · first_market_buy 100 food |
[ AI ANALYSIS · 1 CREDIT ]
What really happened in this match?
Wolo.gg analyzes every decision: build order, eco, micro, common mistakes by bracket. Personalized analysis on WhatsApp or Discord in 30 seconds.
Civ guide
Goths
Perfil
Jugador #23993473